AoeStats
← Der_BastiFantasti

Arabia

509936525Analyzed
1v1 RM · 4d ago on Sep 28, 2026· 102m 31s· 2 players
Game mode
Random Map
Map size
Tiny (2 player)
Population
200
Speed
Normal
Resources
Standard
Victory
Conquest
Starting age
Dark Age
Ending age
Imperial Age
RankedLock teamsTeams togetherTeam positionsShared explorationLock speedFull tech treeHidden civsTurbo modeCheats
Victory
Defeat
🇩🇪 Magyars · Germany
941
+17
🇩🇪 Romans · Germany
971
-17
lekermit
5:59 Loom
9:00 Feudal Age
9:49 Double-Bit Axe
14:27 Horse Collar
17:50 Wheelbarrow
22:17 Castle Age
20:24 Fletching
21:23 Padded Archer Armor
22:42 Bloodlines
23:13 Bow Saw
23:16 Husbandry
25:08 Scale Barding Armor
28:30 Elite Skirmisher
31:32 Hand Cart
31:03 Town Watch
39:34 Chain Barding Armor
42:15 Bodkin Arrow
46:27 Leather Archer Armor
47:58 Thumb Ring
54:10 Imperial Age
54:36 Ballistics
56:04 Cavalier
61:29 Light Cavalry
64:11 Hussar
68:30 Plate Barding Armor
80:35 Heavy Plow
89:51 Bracer
98:42 Ring Archer Armor
100:30 Capped Ram
103:04 Two-Man Saw
Der_BastiFantasti
10:37 Feudal Age
10:53 Man-at-Arms
12:24 Horse Collar
13:30 Double-Bit Axe
15:09 Forging
14:58 Loom
17:14 Scale Mail Armor
23:17 Castle Age
21:13 Gold Mining
22:30 Fletching
24:04 Heavy Plow
24:16 Bow Saw
23:35 Pikeman
24:16 Squires
23:38 Long Swordsman
27:48 Chain Mail Armor
30:36 Elite Skirmisher
38:36 Stone Mining
45:09 Imperial Age
46:45 Wheelbarrow
55:48 Ballistics
60:34 Halberdier
65:58 Iron Casting
70:28 Comitatenses
82:39 Light Cavalry
83:30 Bloodlines
83:53 Husbandry
95:39 Murder Holes
99:43 Crop Rotation
99:43 Conscription
Connection lost

Rejoining the realm…

Still unreachable

The connection could not be restored.

Session expired

The server has moved on; the page needs a fresh start.